 Dungeon Crawl Stone Soup version 0.28.0-45-g0d030f2227 (webtiles) character file.

Game seed: 11154496414716731005

2 NinjaNoafa the Vexing (level 1, 0/19 HPs)
             Began as an Ogre Arcane Marksman on Apr 3, 2022.
             Frozen to death by an endoplasm (3 damage)
             ... on level 1 of the Dungeon.
             The game lasted 00:01:24 (44 turns).

NinjaNoafa the Vexing (Ogre Arcane Marksman)          Turns: 44, Time: 00:01:24

Health: 0/19       AC:  3    Str: 13    XL:     1   Next: 30%
Magic:  2/2        EV:  9    Int: 14    God:
Gold:   0          SH:  0    Dex:  9    Spells: 1/2 levels left

rFire   . . .      SeeInvis .   (no weapon)
rCold   . . .      Faith    .   (no shield)
rNeg    . . .      Spirit   .   a - +0 robe
rPois   .          Reflect  .   (helmet restricted)
rElec   .          Harm     .   (no cloak)
rCorr   .          Rampage  .   (gloves unavailable)
Will    .....                   (boots unavailable)
Stlth   +.........              (no amulet)
HPRegen 0.06/turn               (no ring)
MPRegen 0.08/turn               (no ring)

@: no status effects
A: large, unfitting armour, tough skin 1
a: no special abilities


You were on level 1 of the Dungeon.
You visited 1 branch of the dungeon, and saw 1 of its levels.

Inventory:

Missiles
 c - 2 throwing nets (quivered)
Armour
 a - a +0 robe (worn)
Potions
 d - a potion of attraction {unknown}


   Skills:
 + Level 1.4 Fighting
 + Level 2.0 Throwing
 + Level 1.7 Dodging
 + Level 1.2 Spellcasting
 * Level 2.7 Hexes


You had one spell level left.
You knew the following spells:

 Your Spells              Type           Power      Damage    Failure   Level
a - Slow                  Hex            32%        N/A       9%          1

Your spell library contained the following spells:

 Spells                   Type           Power      Damage    Failure   Level
 Inner Flame              Hex/Fire       4%         N/A       41%         3
 Portal Projectile        Hex/Tloc       8%         N/A       41%         3
 Cause Fear               Hex            4%         N/A       63%         4


Dungeon Overview and Level Annotations

Branches:
Dungeon (1/15)

Altars:


Innate Abilities, Weirdness & Mutations

You are too large for most types of armour.
You have tough skin. (AC +1)


Message History

You kill the kobold!
The hobgoblin hits you.
Things that are here:
a +0 short sword; a kobold corpse You see here a large rock.
b - a large rock The hobgoblin hits you but does no damage.
There are no items here.
A kobold comes into view. It is wielding a +0 whip.
Found 31 stones.
The kobold shouts!
An endoplasm comes into view.
Found an orange potion and a scroll labelled NOOP KUBOVEUHE.
You see here a large rock.
A bat comes into view.
You barely miss the kobold. The bat hits you but does no damage.
The kobold hits you with a +0 whip.
Throw: large rock
Press: ? - help, Q - select action, (/) - cycle Shift-Dir - straight line, f - kobold, p - hobgoblin
Aim: a kobold, wielding a +0 whip (45% to hit)
You throw a large rock. The large rock hits the kobold!
You kill the kobold!
The hobgoblin is no longer moving slowly.
The bat barely misses you. The bat hits you but does no damage.
The endoplasm freezes you.
You are frozen.
The endoplasm hits you.
* * * LOW HITPOINT WARNING * * *
The bat barely misses you. The hobgoblin closely misses you.
The endoplasm completely misses you.
Things that are here:
a +0 whip; 3 large rocks; a kobold corpse The bat barely misses you.
The bat hits you but does no damage. The bat barely misses you.
The bat hits you but does no damage. The endoplasm hits you.
* * * LOW HITPOINT WARNING * * *
The bat hits you.
* * * LOW HITPOINT WARNING * * *
The endoplasm freezes you.
You are frozen.
You die...

............#
..........####
.........## #
.....##).# .#
##....##.######.###
#.... #.#.....?...
.##....##...........
.....!....(.........
.......@##..........
.#####.gJ.#).######
#....b.....#
#.(........#
#..........#
############


You could see an endoplasm, a hobgoblin and a bat.

Vanquished Creatures
  2 kobolds (D:1)
  A rat (D:1)
3 creatures vanquished.

Notes
Turn   | Place    | Note
-------+----------+-------------------------------------------
     0 | D:1      | NinjaNoafa the Ogre Arcane Marksman began the quest for the
                  | Orb.
     0 | D:1      | Reached XP level 1. HP: 19/19 MP: 2/2
    44 | D:1      | Frozen to death by an endoplasm

Illustrated notes

Levels and vault maps discovered:
D:1:      amcnicky_arrival_blooded_trapdoor, layout_rooms, serial_shops, shop,
          nicolae_shop_crystal, shop, nicolae_lakefront_shop,
          serial_bayou_pond_d, roderic_roman_lattice

Action                   || total
-------------------------++-------
Melee: Unarmed           ||     7
Throw: Large rock        ||     5
 Cast: Slow              ||     1
Armor: Robe              ||     7
Dodge: Dodged            ||    10
